[Event "WTCC-50 2018"]
[Site "Radebeul"]
[Date "2018.07.15"]
[Round "9"]
[White "Cedervall, Magnus"]
[Black "Gempe, Thomas"]
[Result "1/2-1/2"]
[ECO "B06"]
[WhiteElo "1928"]
[BlackElo "2178"]
[Annotator "NA"]
[PlyCount "33"]
[EventDate "2018.07.07"]
[EventType "team-tourn"]
[EventCountry "GER"]
[SourceTitle "playchess.com"]
[Source "ChessBase"]
[SourceQuality "1"]
[TimeControl "40/5400+30:1800+30"]

1. e4 g6 2. d4 Bg7 3. Nc3 d6 4. Be3 a6 5. Qd2 Nd7 6. Nge2 b5 7. a3 Bb7 8. f3 Rc8 9. g3 Nb6 10. Nf4 Nf6 11. Be2 O-O 12. h4 Nfd7 13. h5 e5 14. Nfd5 Nxd5 15. exd5 exd4 16. Bxd4 Bxd4 17. Qxd4 1/2-1/2

[Event "WTCC-50 2018"]
[Site "Radebeul"]
[Date "2018.07.15"]
[Round "9"]
[White "Karlsson, Ulf"]
[Black "Schultz, Andreas"]
[Result "1/2-1/2"]
[ECO "C07"]
[WhiteElo "1918"]
[BlackElo "2211"]
[Annotator "NA"]
[PlyCount "122"]
[EventDate "2018.07.07"]
[EventType "team-tourn"]
[EventCountry "GER"]
[SourceTitle "playchess.com"]
[Source "ChessBase"]
[SourceQuality "1"]
[TimeControl "40/5400+30:1800+30"]

1. e4 e6 2. d4 d5 3. Nd2 c5 4. Ngf3 cxd4 5. exd5 Qxd5 6. Bc4 Qd6 7. O-O Nf6 8. Nb3 Nc6 9. Nbxd4 Nxd4 10. Nxd4 a6 11. c3 Qc7 12. Bd3 Bd6 13. h3 h6 14. Qf3 Bh2+ 15. Kh1 Be5 16. Qe2 O-O 17. Re1 Bxd4 18. cxd4 Bd7 19. Qe5 Qxe5 20. dxe5 Nd5 21. Be4 Bc6 22. Bxd5 Bxd5 23. Bd2 Rfc8 24. a3 Rc2 25. Bc3 Rxf2 26. Rg1 Rd8 27. Kh2 Bc4 28. Rad1 Rd5 29. Kg3 Rc2 30. Rc1 Rd3+ 31. Kh2 Rf2 32. Rcd1 Rxd1 33. Rxd1 Bd5 34. Rd2 Rf1 35. Kg3 f5 36. exf6 gxf6 37. Rf2 Rxf2 38. Kxf2 Kf7 39. g3 Bb3 40. Ke3 Kg6 41. Bb4 h5 42. h4 Kf7 43. Ba5 Ke7 44. Bb4+ Kd7 45. Bc3 e5 46. Ba5 Ke7 47. Bb6 Bd1 48. Ba5 Kd6 49. Bd8 f5 50. Kd2 Bg4 51. Ke3 Kd5 52. Bc7 e4 53. Bd8 Kc4 54. Bf6 Bd1 55. Be5 b6 56. Bc7 Kc5 57. Be5 a5 58. Bf6 b5 59. Bd8 a4 60. Bf6 Kc4 61. Be5 b4 {Kxe4} 1/2-1/2